 Dungeon Crawl Stone Soup version 0.30.0 (webtiles) character file.

Game seed: 1261547112670167248

37 Dani the Chopper (level 3, 22/29 HPs)
             Began as a Demonspawn Fighter on May 20, 2023.
             Quit the game on level 2 of the Dungeon.
             The game lasted 00:01:41 (772 turns).

Dani the Chopper (Demonspawn Fighter)                Turns: 772, Time: 00:01:41

Health: 22/29      AC:  8    Str: 16    XL:     3   Next: 23%
Magic:  3/3        EV:  8    Int: 11    God:
Gold:   60         SH:  4    Dex: 12    Spells: 2/2 levels left

rFire   . . .        a - +1 war axe
rCold   . . .        c - +0 buckler
rNeg    . . .        b - +0 scale mail
rPois   .            (helmet restricted)
rElec   .            (no cloak)
rCorr   .            f - +0 pair of gloves
SInv    .            (no boots)
Will    .....        (no amulet) Stlth
                     (no ring)
HPRegen 0.24/turn    (no ring)
MPRegen 0.08/turn

%: no passive effects
@: no status effects
A: antennae 1, rugged brown scales 1
a: no special abilities


You were on level 2 of the Dungeon.
You visited 1 branch of the dungeon, and saw 2 of its levels.

You collected 60 gold pieces.

Inventory:

Hand Weapons
 a - a +1 war axe (weapon)
Armour
 b - a +0 scale mail (worn)
 c - a +0 buckler (worn)
 f - a +0 pair of gloves (worn)
   (You found it on level 1 of the Dungeon)
Potions
 d - a potion of might
 e - 2 potions of ambrosia {unknown}
 h - 3 potions of attraction {unknown}
 i - 2 potions of lignification {unknown}
 j - 2 potions of curing {unknown}


   Skills:
 - Level 3.0 Fighting
 + Level 3.4 Axes
 - Level 2.6 Armour
 - Level 2.6 Shields


You had 2 spell levels left.
You didn't know any spells.
Your spell library was empty.

Dungeon Overview and Level Annotations

Branches:
Dungeon (2/15)

Altars:

Shops:
D:1 *


Innate Abilities, Weirdness & Mutations

You have a pair of small antennae on your head.
You are partially covered in rugged brown scales. (AC +1, +3% HP)


Message History

There is a faded altar of an unknown god here.
You see here a +0 mace.
You see here a +0 kite shield.
Key pressed, stopping explore.
Key pressed, stopping explore.
Key pressed, stopping explore.
Done exploring.
There's nothing to open nearby.
Done exploring.
There is a stone staircase leading down here.
You climb downwards.
The endoplasm quivers.
Found 2 sedimented ruby potions.
There is a stone staircase leading up here.
As you read the scroll labelled UNGUTI GUNIHO, it crumbles to dust.
It is a scroll of enchant weapon.
Your +0 war axe glows red for a moment.
As you read the scroll labelled YMPASTO ASAI, it crumbles to dust.
You hear a loud clanging noise!
It was a scroll of noise.
You hear an angry hiss.
As you read the scroll labelled CAHEFF ISTRIFE, it crumbles to dust.
You feel strangely unstable.
It was a scroll of teleportation.
A bat comes into view.
The endoplasm jiggles.
The endoplasm freezes you.
You are frozen.
There are monsters nearby!
You slash the endoplasm!
You kill the endoplasm!
You block the bat's attack.
A bat is nearby!
The bat hits you but does no damage.
A bat is nearby!
Your surroundings suddenly seem different.
Found a short sword.
A bat is nearby!
The bat hits you but does no damage.
A bat is nearby!
The bat completely misses you.
A bat is nearby!
You miss the bat. The bat hits you but does no damage.
A bat is nearby!
The bat closely misses you.
A bat is nearby!
You closely miss the bat. The bat hits you but does no damage.
A bat is nearby!
You slash the bat!
You kill the bat!
No target in view!
HP restored.
e - 2 sedimented ruby potions No target in view!
Key pressed, stopping explore.
No target in view!
An endoplasm comes into view.
The endoplasm quivers.
You see here a +0 short sword.
An endoplasm is nearby!
An endoplasm is nearby!
An endoplasm is nearby!
The endoplasm closely misses you.
An endoplasm is nearby!
You slash the endoplasm!
You kill the endoplasm!
Key pressed, stopping explore.
No target in view!
Key pressed, stopping explore.
No target in view!
A frilled lizard comes into view.
The frilled lizard hisses angrily.
You hear a shout!
An adder comes into view.
The adder moves out of view.
A kobold comes into view. It is wielding a +0 dagger.
The kobold shouts!
The adder hisses angrily.
There are monsters nearby!
You closely miss the adder. The adder barely misses you.
The adder bites you but does no damage.
There are monsters nearby!
There are monsters nearby!
You closely miss the adder. The adder barely misses you.
You block the adder's attack.
There are monsters nearby!
You slash the adder!
The adder is almost dead.
The adder bites you.
The frilled lizard bites you but does no damage.
The adder barely misses you.
There are monsters nearby!
You slash the adder!
You kill the adder!
You slash the frilled lizard!
You kill the frilled lizard!
You have reached level 3!
Your experience leads to an increase in your attributes!
Increase (S)trength, (I)ntelligence, or (D)exterity?
You feel clever. x2; Your demonic ancestry asserts itself...
Rugged brown scales grow over part of your body.
Are you sure you want to abandon this character and quit the game? (Confirm with "yes".)

#.# ##.## #. ##..<## #..
###.....##
###.###........#
...............#
#########.#...........#
.##......†..............#
.......K@##.#..........##
............##........##
##..####.######......## #
####.#### #.######
..#.......# #.#
#..........# #.#
#..#.......###.#
#............).#
...........#####


You could see a kobold.

Vanquished Creatures
  A gnoll (D:1)
  An adder (D:2)
  A dart slug (D:1)
  2 endoplasms (D:2)
  2 giant cockroaches (D:1)
  2 goblins (D:1)
  3 jackals (D:1)
  A ball python (D:1)
  A bat (D:2)
  A frilled lizard (D:2)
  A kobold (D:1)
16 creatures vanquished.

Notes
Turn   | Place    | Note
-------+----------+-------------------------------------------
     0 | D:1      | Dani the Demonspawn Fighter began the quest for the Orb.
     0 | D:1      | Reached XP level 1. HP: 18/18 MP: 1/1
    18 | D:1      | Found Dempogga's General Store.
   124 | D:1      | Reached skill level 2 in Axes
   153 | D:1      | Found a faded altar of an unknown god.
   174 | D:1      | Gained mutation: You have a pair of small antennae on your
                  | head. [demonic ancestry]
   174 | D:1      | Reached XP level 2. HP: 24/24 MP: 2/2
   352 | D:1      | Reached skill level 3 in Axes
   772 | D:2      | Gained mutation: You are partially covered in rugged brown
                  | scales. (AC +1, +3% HP) [demonic ancestry]
   772 | D:2      | Reached XP level 3. HP: 22/29 MP: 3/3
   772 | D:2      | Quit the game

Illustrated notes

Levels and vault maps discovered:
D:1:      minmay_arrival_shattered_statue, layout_loops_ring, serial_shops,
          nicolae_shop_peninsula, ebering_ecumenical_altar_webs
D:2:      layout_loops_ring

Skill      XL: |  1  2 |
---------------+-------+-----
Axes           | 2 3 |  3.4
Fighting       | |  3.0
Armour         | |  2.6
Shields        | |  2.6

Action                     || total
---------------------------++-------
  Melee: War axe           ||    41
    Use: Scroll            ||     3
 Armour: Scale mail        ||    22
  Dodge: Dodged            ||    16
  Block: Buckler           ||    10

Levels and vault maps discovered:
D:1:      minmay_arrival_shattered_statue, layout_loops_ring, serial_shops,
          nicolae_shop_peninsula, ebering_ecumenical_altar_webs
D:2:      layout_loops_ring

Table legend: (Time is in decaauts)
 A = Elapsed time spent in this place.
 B = Non-inter-level travel time spent in this place.
 C = Inter-level travel time spent in this place.
 D = Time resting spent in this place.
 E = Time spent auto-exploring this place.
 F = Levels seen in this place.
 G = Mean time per level.
                   A        B        C        D        E       F      G
               +--------+--------+--------+--------+--------+-----+--------+
         Total |    788 |    756 |     32 |      0 |    610 |   2 |  394.0 |
       Dungeon |    788 |    756 |     32 |      0 |    610 |   2 |  394.0 |
               +--------+--------+--------+--------+--------+-----+--------+

Top non-repeatable levels by time:
     D:1: 740 daAuts
     D:2: 47 daAuts

Table legend:
 A = Kills in this place as a percentage of kills in the entire game.
 B = Kills by you in this place as a percentage of kills by you in the entire game.
 C = Kills by friends in this place as a percentage of kills by friends in the entire game.
 D = Other kills in this place as a percentage of other kills in the entire game.
 E = Experience gained in this place as a percentage of experience gained in the entire game.
 F = Experience gained in this place divided by the number of levels of this place that you have seen.
                   A       B       C       D       E      F
               +-------+-------+-------+-------+-------+----------------------
         Total | 100.0 | 100.0 |   N/A |   N/A | 100.0 |  27.0
       Dungeon | 100.0 | 100.0 |   N/A |   N/A | 100.0 |  27.0
               +-------+-------+-------+-------+-------+----------------------
